 Dungeon Crawl Stone Soup version 0.20.1-1-g8b1a95d (webtiles) character file.

483 polve the Charmwright (level 7, -4/50 HPs)
             Began as a Merfolk Skald on July 18, 2017.
             Killed by divine providence
             ... invoked by an orc priest
              (11 damage)
             ... on level 3 of the Dungeon.
             The game lasted 00:05:58 (3530 turns).

polve the Charmwright (Merfolk Skald)               Turns: 3530, Time: 00:06:00

Health: -4/50      AC:  8    Str: 15      XL:     7   Next: 12%
Magic:  8/10       EV: 12    Int: 13 (14) God:
Gold:   108        SH:  0    Dex: 13      Spells: 4/10 levels left

rFire    + . .     SeeInvis .   a - +0 spear
rCold    + . .     Gourm    .   (no shield)
rNeg     . . .     Faith    .   b - +0 leather armour
rPois    +         Spirit   .   (no helmet)
rElec    +         Reflect  .   (no cloak)
rCorr    +         Harm     .   (no gloves)
MR       .....                  C - +0 pair of boots
Stlth    +.........             (no amulet)
Regen    0.2/turn               e - +3 ring of strength
MPRegen  0.2/turn               g - +4 ring of protection

@: resistant, infused
A: change form in water, swift swim, stealthy swim
a: no special abilities


You were on level 3 of the Dungeon.
You were not hungry.

You visited 1 branch of the dungeon, and saw 5 of its levels.

You collected 108 gold pieces.

Inventory:

Hand Weapons
 a - a +0 spear (weapon)
Armour
 b - a +0 leather armour (worn)
 C - a +0 pair of boots (worn)
Jewellery
 e - a +3 ring of strength (left hand)
 g - a +4 ring of protection (right hand)
Scrolls
 i - 2 scrolls of fear {unknown}
 k - 3 scrolls of identify {unknown}
 p - a scroll of enchant armour {unknown}
 q - a scroll of remove curse {unknown}
 r - 2 scrolls of amnesia {unknown}
 u - 2 scrolls of teleportation {unknown}
 w - 2 scrolls of immolation {unknown}
 x - a scroll of magic mapping {unknown}
 y - a scroll of vulnerability {unknown}
 z - a scroll of enchant weapon {unknown}
 B - a scroll of random uselessness {unknown}
Potions
 m - a potion of agility {unknown}
 t - a potion of resistance
Books
 c - a book of Battle

   Spells                             Type                      Level
   a - Infusion                       Charms                       1
   b - Shroud of Golubria             Charms/Translocation         2
   c - Song of Slaying                Charms                       2
   d - Spectral Weapon                Hexes/Charms                 3
   e - Regeneration                   Charms/Necromancy            3
Comestibles
 d - 7 bread rations
 f - 3 fruits
 j - 2 meat rations


   Skills:
 - Level 2.1 Fighting
 - Level 3.0 Polearms
 - Level 0.6 Armour
 - Level 2.6 Dodging
 - Level 2.0 Spellcasting
 + Level 4.2 Hexes
 + Level 5.1 Charms
 + Level 3.4 Translocations


You had 4 spell levels left.
You knew the following spells:

 Your Spells              Type           Power        Failure   Level  Hunger
a - Infusion              Chrm           ##..         3%          1    ##.....
b - Shroud of Golubria    Chrm/Tloc      ##........   9%          2    ###....
c - Spectral Weapon       Hex/Chrm       ##......     14%         3    ####...


Dungeon Overview and Level Annotations

Branches:
Dungeon (5/15)
 Temple: D:4-7

Altars:
Nemelex Xobeh
The Shining One

Annotations:
D:5 Prince Ribbit


Message History

The orc misses you. The orc priest hits you with a trident.
* * * LOW HITPOINT WARNING * * *
Casting: Infusion
Confirm with . or Enter, or press ? or * to list all spells.
You begin infusing your attacks with magical energy.
The orc barely misses you.
The orc priest miscasts a cantrip.
You hit the orc priest!
The orc priest is severely wounded.
The orc hits you with a club.
* * * LOW HITPOINT WARNING * * *
You barely miss the orc priest.
The orc priest is severely wounded.
The orc priest closely misses you. The orc hits you with a club.
* * * LOW HITPOINT WARNING * * *
You barely miss the orc priest.
The orc priest is severely wounded.
The orc priest mumbles some strange prayers to Beogh against you.
Beogh smites you!
You die...

......####### #.#
..###.....# #.# #.#
#####.# #.# #.# #.# #.#
#.#######.# #.#
........#.# #.#
..#####.#.# #.#
..#####.#.######.#
..............##@#######
#.#####.#.....[oo......#
#.# #.#####.##.#####.#
#.# #.# #.##.# #.#
#.#####.#####.##.# #(#
#................#####.#
####....##.............#
#.#####.##.##########
#.# #...#.......#


You could see an orc priest and an orc.

Vanquished Creatures
  Grinder (D:2)
  A killer bee (D:3)
  A howler monkey (D:5)
  An orc wizard (D:3)
  A bullfrog skeleton (D:5)
  A worker ant (D:4)
  4 adders
  An ooze (D:2)
  4 dart slugs
  2 leopard geckos (D:2)
  3 orcs (D:3)
  3 giant cockroaches
  11 hobgoblins
  2 jackals (D:1)
  9 bats
  5 frilled lizards
  5 goblins
  6 kobolds
  6 rats
67 creatures vanquished.

Notes
Turn   | Place    | Note
-------+----------+-------------------------------------------
     0 | D:1      | polve the Merfolk Skald began the quest for the Orb.
     0 | D:1      | Reached XP level 1. HP: 16/16 MP: 3/3
   162 | D:1      | Reached XP level 2. HP: 19/22 MP: 3/5
   195 | D:1      | Reached skill level 4 in Charms
   943 | D:2      | Reached XP level 3. HP: 27/27 MP: 6/6
  1064 | D:2      | Found a sparkling altar of Nemelex Xobeh.
  1250 | D:2      | Reached skill level 5 in Charms
  1323 | D:2      | Learned a level 2 spell: Shroud of Golubria
  1327 | D:2      | Learned a level 3 spell: Spectral Weapon
  1705 | D:3      | Reached XP level 4. HP: 33/33 MP: 3/7
  1889 | D:3      | Reached skill level 1 in Hexes
  1889 | D:3      | Reached skill level 1 in Translocations
  2197 | D:3      | You fall through a shaft for 2 floors!
  2197 | D:5      | Entered Level 5 of the Dungeon
  2197 | D:5      | Noticed Prince Ribbit
  2211 | D:5      | Reached XP level 5. HP: 30/38 MP: 2/8
  2658 | D:3      | Reached XP level 6. HP: 13/44 MP: 3/9
  2991 | D:3      | Noticed Grinder
  3014 | D:3      | Paralysed by Grinder for 6 turns
  3047 | D:2      | Killed Grinder
  3047 | D:2      | Reached XP level 7. HP: 19/50 MP: 1/10
  3380 | D:3      | Found a glowing golden altar of the Shining One.
  3530 | D:3      | Killed from afar by an orc priest

Skill      XL: |  1  2  3  4  5  6 |
---------------+-------------------+-----
Charms         | 4 5 |  5.1
Hexes          | 1 3 4 |  4.2
Translocations | 1 2 3 |  3.4
Fighting       | |  2.1
Polearms       | |  3.0
Armour         | |  0.6
Dodging        | |  2.6
Spellcasting   | |  2.0

Action                   |  1- 3 |  4- 6 |  7- 9 || total
-------------------------+-------+-------+-------++-------
Melee: Spear             |   140 |    85 |    43 ||   268
 Cast: Infusion          |     4 |     9 |     3 ||    16
       Shroud of Golubri |       |     1 |     1 ||     2
  Use: Potion            |       |     5 |     3 ||     8
 Stab: Sleeping          |       |     3 |       ||     3
  Eat: Chunk             |     3 |     3 |     1 ||     7
       Royal jelly       |       |       |     1 ||     1
Armor: Leather armour    |    50 |    18 |    15 ||    83
Dodge: Dodged            |    65 |    41 |    28 ||   134
